 Dungeon Crawl Stone Soup version 0.28.0-47-ge53b351184 (webtiles) character file.

Game seed: 11751901068615277545

8720 acdeimund the Frost Mage (level 11, -4/124 HPs)
             Began as a Merfolk Ice Elementalist on May 1, 2022.
             Was a Believer of Dithmenos.
             Slain by a vampire (7 damage)
             ... on level 11 of the Dungeon on May 2, 2022.
             The game lasted 01:09:50 (13536 turns).

acdeimund the Frost Mage (MfIE)                    Turns: 13536, Time: 01:09:51

Health: -4/124     AC: 10    Str:  8    XL:     11   Next: 35%
Magic:  24/28      EV: 16    Int: 19    God:    Dithmenos [**....]
Gold:   592        SH:  0    Dex: 15    Spells: 2/21 levels left

rFire   + . .      SeeInvis .   p - +4 dagger (drain)
rCold   . . .      Faith    .   (no shield)
rNeg    . . .      Spirit   .   G - +0 steam dragon scales
rPois   +          Reflect  .   l - +0 helmet
rElec   .          Harm     .   y - scarf {+Inv}
rCorr   .          Rampage  .   q - +1 pair of gloves
Will    .....                   w - +1 pair of boots
Stlth   ..........              (no amulet)
HPRegen 0.30/turn               c - +4 ring of slaying
MPRegen 0.21/turn               i - ring of magical power

@: berserking, wreathed by umbra, very quick
A: (nimble swimmer 2), mertail, fire resistance 1, poison resistance
a: Renounce Religion, Evoke Invisibility, Shadow Step


You were on level 11 of the Dungeon.
You worshipped Dithmenos.
Dithmenos was pleased with you.
You visited 3 branches of the dungeon, and saw 13 of its levels.

You collected 592 gold pieces.

Inventory:

Hand Weapons
 d - a +1 dagger of freezing
 g - a +0 scythe
 p - a +4 dagger of draining (weapon)
 x - a +0 trident
Missiles
 b - 3 boomerangs of dispersal
 f - 2 curare-tipped darts
 n - 40 poisoned darts
 E - 6 atropa-tipped darts
Armour
 l - a +0 helmet (worn)
 q - a +1 pair of gloves (worn)
 w - a +1 pair of boots (worn)
 y - a scarf of invisibility (worn)
 G - +0 steam dragon scales (worn)
Jewellery
 c - a +4 ring of slaying (left hand)
 e - a ring of ice
 i - a ring of magical power (right hand)
 v - a ring of flight
Wands
 o - a wand of flame (2)
 r - a wand of digging (7)
 B - a wand of polymorph (4)
Scrolls
 h - a scroll of identify
 j - 2 scrolls of vulnerability
 m - a scroll of silence
 s - a scroll of teleportation
 t - 2 scrolls of enchant armour
Potions
 a - a potion of brilliance {unknown}
 k - 2 potions of attraction
 u - a potion of curing
 z - a potion of lignification
 C - a potion of degeneration
 D - a potion of cancellation


   Skills:
 + Level 6.4 Fighting
 + Level 8.3 Dodging
 + Level 7.5 Stealth
 + Level 5.8 Spellcasting
 + Level 5.8 Conjurations
 - Level 5.3 Necromancy
 - Level 9.3 Ice Magic
 + Level 2.8 Invocations


You had 2 spell levels left.
You knew the following spells:

 Your Spells              Type           Power      Damage    Failure   Level
a - Freeze                Ice            100%       1d11      1%          1
b - Frozen Ramparts       Ice            82%        1d10      1%          3
c - Ozocubu's Armour      Ice            41%        N/A       1%          3
d - Hailstorm             Conj/Ice       34%        3d9       4%          4
e - Ensorcelled Hibernat  Hex/Ice        46%        N/A       2%          2
f - Gell's Gravitas       Tloc           5%         N/A       34%         3
g - Vampiric Draining     Necr           25%        2d7       3%          3

Your spell library contained the following spells:

 Spells                   Type           Power      Damage    Failure   Level
 Animate Skeleton         Necr           50%        N/A       1%          1
 Pain                     Necr           100%       1d9       1%          1
 Shock                    Conj/Air       64%        1d7       3%          1
 Conjure Flame            Conj/Fire      16%        6-21      11%         3
 Ignite Poison            Fire/Tmut/Pois 5%         N/A       34%         3
 Spider Form              Tmut/Pois      5%         N/A       34%         3
 Swiftness                Air            5%         N/A       34%         3
 Teleport Other           Tloc           5%         N/A       34%         3
 Sticky Flame             Conj/Fire      16%        2d4       34%         4
 Anguish                  Hex/Necr       7%         N/A       36%         4
 Airstrike                Air            2%         N/A       75%         4
 Dispersal                Tloc           2%         N/A       100%        6


Dungeon Overview and Level Annotations

Branches:
Dungeon (11/15)            Temple (1/1) D:6            Lair (1/6) D:8
    Orc: D:9-12

Altars:
Ashenzari
Cheibriados
Dithmenos
Elyvilon
Fedhas
Gozag
Hepliaklqana
Kikubaaqudgha
Makhleb
Nemelex Xobeh
Okawaru
Qazlal
Ru
Sif Muna
Trog
Uskayaw
Vehumet
Wu Jian
Xom
Yredelemnul
Zin
The Shining One

Annotations:
D:5 1 runed translucent door, croobank's ghost, weakling GnDe
D:8 2 runed translucent doors, Malificent's ghost, novice OpTm
Lair:1 Erica


Innate Abilities, Weirdness & Mutations

((You are very nimble when in or above water. (Stealth+, EV+, Speed+++)))
Your lower body shifts to a powerful aquatic tail in water.
Your flesh is heat resistant. (rF+)
Your system is resistant to poisons. (rPois)


Message History

Your frozen ramparts will break if you move.
Continue?
Okay, then.
Your frozen ramparts will break if you move.
Continue? [Y]es or [N]o only, please.
Your frozen ramparts will break if you move.
Continue?
You hit something.
The wall freezes something.
You hear some strange, mumbled words.
Something tries to affect you, but you resist.
Your frozen ramparts will break if you move.
Continue?
You completely miss something.
The frozen ramparts melt away.
Something hits you. Something bites you but does no damage.
You hit something but do no damage. Something hits you but does no damage.
Something bites you!
Something draws strength from your injuries!
You hit something but do no damage. Something draws life force from you!
* * * LOW HITPOINT WARNING * * *
You hit something but do no damage. Something hits you.
* * * LOW HITPOINT WARNING * * *
Something bites you.
* * * LOW HITPOINT WARNING * * *
Something draws strength from your injuries!
You barely miss something. Something draws life force from you!
* * * LOW HITPOINT WARNING * * *
You barely miss something. Something barely misses you. Something bites you.
* * * LOW HITPOINT WARNING * * *
Something draws strength from your injuries!
You feel much better. Something hits you!
* * * LOW HITPOINT WARNING * * *
Something bites you!
* * * LOW HITPOINT WARNING * * *
Something draws strength from your injuries!
Okay, then.
Casting: Frozen Ramparts (safe; 1% risk of failure)
Confirm with . or Enter, or press ? or * to list all spells.
Okay, then.
Okay, then.
A red film seems to cover your vision as you go berserk!
You feel yourself moving faster!
You feel mighty! Something closely misses you. Something bites you!
You die...

≈≈≈≈ ≈≈≈ #.≈ #.≈ #+##
#.# #@{# #.#
##.####.##########
#.................
#####+#.###.#########.
.....:...##.# #.
###....#.##.#########.
##...#..#...........
..##.##.#..#######..
.... .# #....# #..


There were no monsters in sight!

Vanquished Creatures
  3 two-headed ogres
  Joseph (D:7)
  A cane toad (D:8)
  Prince Ribbit (D:6)
  Sigmund (D:2)
  A shadow (D:9)
  6 yaks (D:8)
  A basilisk (Lair:1)
  A steam dragon (D:9)
  Duvessa (D:6)
  2 acid dragons
  2 water moccasins
  4 orc warriors
  An ice beast (D:6)
  2 black bears
  A centaur (D:10)
  2 necrophages
  4 wolves (Lair:1)
  A bullfrog (D:9)
  4 kobold brigands
  A gnoll sergeant (D:8)
  A scorpion (D:4)
  A water moccasin zombie (D:5)
  Dowan (D:7)
  A water moccasin skeleton (D:4)
  11 killer bees
  3 wights (D:7)
  4 electric eels (D:9)
  8 howler monkeys
  2 jellies
  A bullfrog zombie (D:5)
  2 centaur zombies (D:10)
  A centaur skeleton (D:7)
  4 hounds
  2 bullfrog skeletons
  6 orc priests
  2 gnoll shamans
  7 orc wizards
  3 iguanas
  2 killer bee zombies (D:6)
  A hound skeleton (D:3)
  10 gnolls
  4 adders
  A shadow imp (D:6)
  A worm (D:3)
  2 dart slugs
  25 orcs
  8 ball pythons
  4 endoplasms
  8 giant cockroaches
  12 goblins
  6 hobgoblins
  2 jackals (D:2)
  4 quokkas
  4 bats
  22 kobolds
  5 rats
222 creatures vanquished.

Vanquished Creatures (others)
  2 orc wizards
  2 fungi (D:8)
  2 plants (D:8)
6 creatures vanquished.

Grand Total: 228 creatures vanquished

Notes
Turn   | Place    | Note
-------+----------+-------------------------------------------
     0 | D:1      | acdeimund the Merfolk Ice Elementalist began the quest for
                  | the Orb.
     0 | D:1      | Reached XP level 1. HP: 13/13 MP: 3/3
   228 | D:1      | Reached XP level 2. HP: 20/20 MP: 3/5
   907 | D:2      | Identified a scroll of acquirement
   907 | D:2      | Acquired a ring of ice
   922 | D:2      | Noticed a black bear
  1058 | D:2      | Reached XP level 3. HP: 25/25 MP: 6/6
  1062 | D:2      | Learned a level 3 spell: Frozen Ramparts
  1087 | D:2      | Reached skill level 1 in Fighting
  1173 | D:2      | Noticed Sigmund
  1184 | D:3      | Found a faded altar of an unknown god.
  1280 | D:3      | Found a broken altar of Ashenzari.
  1471 | D:3      | Found a white marble altar of Elyvilon.
  1737 | D:3      | Reached XP level 4. HP: 15/32 MP: 7/7
  1741 | D:3      | Learned a level 3 spell: Ozocubu's Armour
  1943 | D:3      | Reached skill level 5 in Ice Magic
  2240 | D:4      | Found a stormy altar of Qazlal.
  2356 | D:4      | Reached XP level 5. HP: 23/38 MP: 5/9
  2648 | D:4      | Reached XP level 6. HP: 41/45 MP: 1/10
  2810 | D:4      | Learned a level 4 spell: Hailstorm
  3162 | D:4      | Found a glowing silver altar of Zin.
  3235 | D:4      | Reached skill level 6 in Ice Magic
  3675 | D:3      | Killed a black bear
  3676 | D:3      | Reached skill level 1 in Conjurations
  3676 | D:3      | Reached XP level 7. HP: 42/51 MP: 2/11
  4610 | D:2      | Gained mutation: Your flesh is heat resistant. (rF+)
                  | [potion of mutation]
  4610 | D:2      | Gained mutation: Your system is resistant to poisons.
                  | (rPois) [potion of mutation]
  4621 | D:2      | Killed Sigmund
  4791 | D:5      | Entered Level 5 of the Dungeon
  4873 | D:5      | Found an iron altar of Okawaru.
  4874 | D:5      | Found a sacrificial altar of Ru.
  5109 | D:5      | Reached skill level 5 in Dodging
  5415 | D:5      | Reached XP level 8. HP: 55/58 MP: 13/13
  5727 | D:5      | Reached skill level 7 in Ice Magic
  5781 | D:5      | Found a runed translucent door.
  5793 | D:5      | Noticed croobank's ghost (weakling GnDe)
  5865 | D:5      | Found a blossoming altar of Fedhas.
  6106 | D:6      | Found a staircase to the Ecumenical Temple.
  6124 | Temple   | Entered the Ecumenical Temple
  6707 | D:6      | Reached skill level 5 in Stealth
  7223 | D:6      | Found a glowing golden altar of the Shining One.
  7276 | D:7      | Noticed Duvessa
  7276 | D:7      | Noticed Dowan
  7281 | D:7      | Killed Dowan
  7297 | D:6      | Killed Duvessa
  7298 | D:6      | Reached XP level 9. HP: 20/58 MP: 10/15
  7769 | D:7      | Reached skill level 8 in Ice Magic
  7784 | D:7      | Found a hide-covered altar of Uskayaw.
  7789 | D:7      | Noticed Prince Ribbit
  7822 | D:6      | Killed Prince Ribbit
  8128 | D:7      | Noticed Joseph
  8343 | D:7      | Found a burning altar of Makhleb.
  8749 | D:7      | Killed Joseph
  9227 | D:8      | Reached skill level 5 in Fighting
  9331 | D:8      | Found a staircase to the Lair.
  9457 | D:8      | Reached skill level 9 in Ice Magic
  9473 | D:8      | Reached skill level 5 in Conjurations
  9473 | D:8      | Reached XP level 10. HP: 67/74 MP: 17/17
  9476 | D:8      | Reached skill level 5 in Spellcasting
  9593 | D:8      | Found a large runed translucent door.
  9594 | D:8      | Found a large runed translucent door.
  9595 | D:8      | Noticed Malificent's ghost (novice OpTm)
  9888 | D:8      | Learned a level 2 spell: Ensorcelled Hibernation
  9892 | D:8      | Learned a level 3 spell: Gell's Gravitas
  9896 | D:8      | Learned a level 3 spell: Vampiric Draining
 10166 | Lair:1   | Entered Level 1 of the Lair of Beasts
 10194 | D:9      | Reached skill level 1 in Necromancy
 10416 | D:9      | Noticed a two-headed ogre
 10719 | D:3      | Prayed at the altar of an unknown god.
 10719 | D:3      | Became a worshipper of Dithmenos the Shadowed
 10719 | D:3      | Reached * piety under Dithmenos
 10926 | Lair:1   | Noticed a cane toad
 10932 | Lair:1   | Noticed a cane toad
 10933 | Lair:1   | Noticed Erica
 10935 | Lair:1   | Noticed a cane toad
 10938 | Lair:1   | Noticed a cane toad
 10950 | D:8      | HP: 2/74 [cane toad (11)]
 10952 | D:8      | Killed a cane toad
 11270 | D:9      | Killed a two-headed ogre
 11271 | D:9      | Reached skill level 5 in Necromancy
 11376 | D:9      | Found a snail-covered altar of Cheibriados.
 11579 | D:9      | Found a radiant altar of Vehumet.
 11738 | D:9      | Noticed a two-headed ogre
 11754 | D:9      | Killed a two-headed ogre
 11755 | D:9      | Reached skill level 1 in Invocations
 11755 | D:9      | Reached XP level 11. HP: 81/81 MP: 19/19
 11837 | D:9      | Reached ** piety under Dithmenos
 12181 | D:10     | Entered Level 10 of the Dungeon
 13158 | D:10     | Noticed a two-headed ogre
 13170 | D:10     | Killed a two-headed ogre
 13366 | D:10     | Found a sparkling altar of Nemelex Xobeh.
 13534 | D:11     | HP: 4/83 [something (4)]
 13536 | D:11     | Slain by a vampire

Illustrated notes

Levels and vault maps discovered:
D:1:      scummos_arrival_simple_fountains, layout_loops_cross
D:2:      layout_basic, solitary_fountain, uniq_sigmund
D:3:      layout_loops_cross, mainiacjoe_overflow_surrounded_room,
          nicolae_ashenzari_panopticon, hellmonk_ecumenical_altar_crossroads
D:4:      layout_gridville, marbit_many_paths, mainiacjoe_overflow_alcove_4
D:5:      layout_cave_pools, nicolae_overflow_hidden_temple,
          ebering_ghost_sewer_d
D:6:      layout_basic, nicolae_tso_swordbearing_angel,
          minmay_temple_entry_arrows
D:7:      layout_loops_ring, kennysheep_mini_moat,
          eat_drink_and_be_merry_uskayaw, uniq_duvessa, uniq_prince_ribbit1,
          uniq_joseph
D:8:      layout_basic, dpeg_oklobed_lair, serial_corexii_hall,
          corexii_hall_statues_x, chequers_hall_statues_y,
          ebering_ghost_disaster_area
D:9:      layout_basic, nicolae_vehumet_radiance, amcnicky_altar_gilded
D:10:     layout_gridville, nemelex_diamond_rough_becter, enter_bailey_5
D:11:     layout_basic, nicolae_wu_jian_wuxing_cycle, uniq_grum
Temple:   nicolae_temple_figure_zero
Lair:1:   layout_roguey, basic_altar, beast_lair_carwin_7, uniq_erica

Skill      XL: |  1  2  3  4  5  6  7  8  9 10 11 |
---------------+----------------------------------+-----
Dodging        | 3 4 5 6 7 8 |  8.3
Fighting       | 1 2 3 4 5 6 |  6.4
Ice Magic      | 5 6 7 9 |  9.3
Stealth        | 3 4 5 6 7 |  7.5
Spellcasting   | 3 4 5 |  5.8
Conjurations   | 1 2 3 5 |  5.8
Necromancy     | 5 |  5.3
Invocations    | 1 2 |  2.8

Action                   |  1- 3 |  4- 6 |  7- 9 | 10-12 || total
-------------------------+-------+-------+-------+-------++-------
Melee: Dagger            |    66 |    57 |   220 |   204 ||   547
       Punch             |       |     1 |     5 |     5 ||    11
       Tailslap          |       |       |       |     4 ||     4
Throw: Dart              |       |       |    33 |     4 ||    37
 Cast: Freeze            |    16 |    21 |    52 |     4 ||    93
       Ozocubu's Armour  |       |     3 |    12 |    11 ||    26
       Frozen Ramparts   |       |     2 |     8 |    12 ||    22
       Hailstorm         |       |       |     3 |       ||     3
       Vampiric Draining |       |       |       |    15 ||    15
Invok: Shadow Step       |       |       |       |     1 ||     1
  Use: Scroll            |     1 |       |    12 |     5 ||    18
       Potion            |       |       |     6 |     3 ||     9
 Stab: Sleeping          |     4 |     7 |     4 |     6 ||    21
       Distracted        |       |       |       |     1 ||     1
Armor: Robe              |    10 |    13 |    59 |    10 ||    92
       Steam dragon scal |       |       |       |    82 ||    82
Dodge: Dodged            |    44 |    45 |   200 |   302 ||   591
